AoeStats
← lxcho-_-

Arena

509238715Analyzed
4v4 RM · 6d ago on Sep 26, 2026· 76m 21s· 8 players
Game mode
Random Map
Map size
Large (8 player)
Population
200
Speed
Normal
Resources
Standard
Victory
Conquest
Starting age
Dark Age
Ending age
Imperial Age
RankedLock teamsTeams togetherTeam positionsShared explorationLock speedFull tech treeHidden civsTurbo modeCheats
Victory
Defeat
🇲🇽 Burgundians · Mexico
996
+13
🇺🇸 Magyars · United States
886
+32
🇺🇸 Turks · United States
870
+18
🇲🇽 Mongols · Mexico
822
+20
🇨🇱 Bengalis · Chile
985
-52
🇨🇱 Chinese · Chile
896
-34
🇨🇱 Vikings · Chile
896
-34
🇨🇱 Bohemians · Chile
896
-34
MordorQva
11:59 Feudal Age
12:22 Man-at-Arms
13:06 Gold Mining
13:05 Horse Collar
13:14 Double-Bit Axe
16:34 Wheelbarrow
18:46 Stone Mining
21:54 Scale Mail Armor
25:20 Castle Age
27:02 Gold Shaft Mining
26:30 Heavy Plow
26:59 Hand Cart
26:10 Long Swordsman
27:12 Chain Mail Armor
28:22 Bow Saw
36:12 Corvinian Army
40:12 Imperial Age
37:29 Pikeman
41:37 Scale Barding Armor
41:24 Fletching
41:35 Padded Archer Armor
41:11 Elite Magyar Huszar
41:53 Recurve Bow
41:46 Onager
41:51 Capped Ram
42:43 Two-Handed Swordsman
43:49 Chain Barding Armor
43:56 Champion
46:33 Chemistry
45:54 Ballistics
46:21 Halberdier
56:23 Plate Barding Armor
55:48 Padded Archer Armor
55:39 Fletching
60:35 Two-Man Saw
60:17 Caravan
66:24 Recurve Bow
71:02 Heavy Cavalry Archer
72:11 Parthian Tactics
fatfatfattie
12:40 Feudal Age
17:07 Castle Age
15:35 Double-Bit Axe
15:34 Horse Collar
21:13 Bow Saw
24:41 Heavy Plow
26:01 Gold Mining
26:04 Stone Mining
28:49 Gold Shaft Mining
31:38 Imperial Age
29:50 Wheelbarrow
29:04 Town Watch
29:04 Loom
30:35 Husbandry
30:45 Bloodlines
30:47 Forging
30:43 Scale Barding Armor
30:29 Fletching
32:05 Iron Casting
31:50 Town Patrol
32:16 Hand Cart
32:30 Ballistics
32:26 Fortified Wall
32:43 Conscription
32:55 Chain Barding Armor
33:32 Artillery
34:52 Two-Man Saw
35:07 Elite Janissary
39:42 Blast Furnace
39:47 Plate Barding Armor
41:00 Caravan
41:34 Heavy Camel Rider
42:22 Bodkin Arrow
42:28 Scale Mail Armor
45:01 Cavalier
57:39 Masonry
57:29 Murder Holes
59:47 Chain Mail Armor
59:34 Bracer
59:15 Heavy Scorpion
66:18 Architecture
65:44 Guard Tower
66:18 Bombard Tower
65:45 Arrowslits
65:44 Treadmill Crane
69:06 Coinage
69:04 Guilds
69:18 Sappers
70:24 Hoardings
70:26 Plate Mail Armor
69:57 Padded Archer Armor
mau.mnry
1:40 Loom
10:39 Feudal Age
15:20 Castle Age
14:10 Double-Bit Axe
18:34 Loom
20:27 Bow Saw
25:39 Wheelbarrow
24:52 Town Watch
25:34 Nomads
25:46 Man-at-Arms
28:05 Hand Cart
27:27 Long Swordsman
29:51 Horse Collar
30:39 Pikeman
31:21 Squires
31:06 Arson
32:11 Gold Mining
32:12 Stone Mining
35:46 Imperial Age
34:10 Town Patrol
34:11 Scale Mail Armor
34:22 Forging
34:50 Gold Shaft Mining
34:52 Stone Shaft Mining
36:21 Iron Casting
36:11 Chain Mail Armor
35:51 Two-Handed Swordsman
36:51 Fortified Wall
37:10 Drill
36:16 Capped Ram
37:12 Champion
40:21 Blast Furnace
40:03 Plate Mail Armor
39:42 Siege Ram
41:12 Heavy Scorpion
45:50 Onager
47:04 Conscription
47:53 Siege Engineers
48:18 Ballistics
49:06 Chemistry
50:05 Siege Onager
joseabrojo
0:27 Loom
7:18 Double-Bit Axe
9:56 Stone Mining
12:55 Feudal Age
15:49 Horse Collar
18:29 Castle Age
17:13 Heavy Plow
19:21 Forging
20:01 Wheelbarrow
21:37 Scale Barding Armor
25:29 Crop Rotation
27:19 Iron Casting
28:58 Hand Cart
29:04 Chain Barding Armor
29:44 Squires
30:42 Fletching
30:53 Scale Mail Armor
32:43 Bow Saw
35:07 Two-Man Saw
35:05 Gold Mining
35:10 Elite Skirmisher
36:03 Bodkin Arrow
38:41 Stone Shaft Mining
38:17 Husbandry
38:50 Light Cavalry
39:34 Padded Archer Armor
41:32 Fortified Wall
41:43 Ballistics
41:38 Cavalier
46:28 Imperial Age
45:15 Chain Mail Armor
47:44 Gold Shaft Mining
46:41 Hussar
47:48 Conscription
47:34 Burgundian Vineyards
48:57 Blast Furnace
48:32 Plate Barding Armor
48:48 Plate Barding Armor
56:44 Plate Mail Armor
56:15 Bracer
57:22 Town Watch
58:31 Paladin
60:16 Hoardings
60:07 Arrowslits
60:03 Treadmill Crane
64:47 Chemistry
65:45 Caravan
68:56 Town Patrol
70:18 Masonry
Tio Gilipollas
12:45 Feudal Age
14:23 Double-Bit Axe
14:29 Horse Collar
17:55 Castle Age
20:07 Heavy Plow
21:56 Bow Saw
22:49 Fervor
26:31 Loom
26:43 Stone Mining
27:48 Gold Mining
29:57 Scale Mail Armor
30:07 Forging
33:29 Imperial Age
30:44 Treadmill Crane
30:59 Murder Holes
31:15 Fortified Wall
31:25 Ballistics
31:17 Masonry
30:58 Arson
31:13 Squires
32:30 Chain Mail Armor
32:50 Iron Casting
32:38 Man-at-Arms
32:38 Pikeman
34:28 Gold Shaft Mining
34:15 Padded Archer Armor
34:06 Fletching
34:47 Plate Mail Armor
34:55 Crop Rotation
35:36 Two-Man Saw
36:14 Chemistry
35:46 Architecture
36:49 Conscription
36:59 Leather Archer Armor
36:39 Bodkin Arrow
37:45 Blast Furnace
36:50 Elite Skirmisher
36:52 Crossbowman
39:15 Ring Archer Armor
38:46 Bracer
39:12 Chieftains
38:32 Elite Berserk
39:50 Elite Varangian Guard
39:52 Long Swordsman
41:01 Two-Handed Swordsman
42:13 Champion
50:54 Devotion
50:55 Atonement
55:20 Arbalester
56:03 Bogsveigar
56:13 Bogsveigar
56:18 Caravan
65:11 Siege Engineers
65:15 Heavy Scorpion
Lhu
7:28 Loom
11:04 Feudal Age
14:20 Double-Bit Axe
15:30 Horse Collar
17:32 Wheelbarrow
20:28 Castle Age
22:00 Bow Saw
22:08 Hand Cart
21:56 Heavy Plow
21:58 Caravan
29:03 Ballistics
29:44 Chemistry
29:44 Fortified Wall
33:36 Imperial Age
35:31 Chemistry
34:47 Siege Engineers
34:53 Scale Mail Armor
35:03 Forging
34:17 Elite Hussite Wagon
35:04 Wagenburg Tactics
35:21 Conscription
36:53 Pikeman
37:33 Squires
37:19 Arson
38:41 Halberdier
41:29 Town Watch
42:48 Two-Man Saw
48:28 Chain Mail Armor
48:48 Iron Casting
48:04 Fletching
48:14 Padded Archer Armor
64:17 Onager
nOnY
6:54 Loom
10:32 Feudal Age
15:39 Castle Age
13:44 Stone Mining
14:40 Double-Bit Axe
20:04 Fletching
21:35 Forging
22:24 Gold Mining
23:39 Bodkin Arrow
23:37 Town Watch
24:31 Bloodlines
26:05 Iron Casting
26:01 Husbandry
26:34 Horse Collar
27:37 Wheelbarrow
27:33 Scale Barding Armor
28:25 Ballistics
29:36 Hand Cart
31:51 Chain Barding Armor
35:17 Imperial Age
33:52 Town Patrol
34:23 Fortified Wall
34:00 Horse Collar
37:39 Chemistry
37:55 Gold Shaft Mining
37:35 Siege Engineers
39:37 Caravan
40:13 Elite Battle Elephant
44:14 Blast Furnace
47:23 Elite Elephant Archer
48:58 Plate Barding Armor
49:14 Bracer
51:50 Padded Archer Armor
53:50 Leather Archer Armor
57:37 Ring Archer Armor
lxcho-_-
0:26 Loom
9:49 Feudal Age
10:28 Double-Bit Axe
10:24 Horse Collar
13:56 Wheelbarrow
17:23 Castle Age
16:54 Gold Mining
17:34 Pikeman
21:10 Fletching
22:14 Bow Saw
25:39 Bodkin Arrow
26:21 Thumb Ring
33:20 Imperial Age
31:26 Caravan
31:55 Arson
34:53 Conscription
34:46 Bloodlines
34:49 Scale Barding Armor
34:44 Bracer
34:45 Padded Archer Armor
34:55 Forging
34:34 Cavalier
35:20 Husbandry
35:39 Padded Archer Armor
37:04 Chain Barding Armor
37:01 Leather Archer Armor
38:51 Ring Archer Armor
38:57 Plate Barding Armor
39:27 Chemistry
38:47 Ballistics
40:01 Elite Chu Ko Nu
40:58 Forging
40:38 Man-at-Arms
42:32 Long Swordsman
42:53 Halberdier
44:19 Squires
50:01 Gold Shaft Mining
51:11 Rocketry
51:33 Heavy Scorpion
56:20 Heavy Rocket Cart
61:24 Light Cavalry
62:56 Iron Casting
62:24 Scale Mail Armor
63:34 Great Wall
64:00 Hand Cart
66:07 Blast Furnace
65:21 Fortified Wall
65:26 Masonry
65:38 Chain Mail Armor
65:25 Stone Mining
65:21 Capped Ram
73:58 Siege Ram
Connection lost

Rejoining the realm…

Still unreachable

The connection could not be restored.

Session expired

The server has moved on; the page needs a fresh start.